 Dungeon Crawl Stone Soup version 0.13-a0-1585-g6f4f798 (webtiles) character file.

13202 Kae the Whirler (level 12, 0/79 HPs)
             Began as a Halfling Hunter on June 13, 2013.
             Was a High Priest of Okawaru.
             Blown up by TZer0's ghost (49 damage)
             ... with an orb of destruction
             ... on Level 12 of the Dungeon.
             The game lasted 00:40:35 (11243 turns).

Kae the Whirler (Halfling Hunter)                  Turns: 11243, Time: 00:40:35

HP   0/79        AC  6     Str  9      XL: 12   Next: 18%
MP  11/11        EV 25     Int 11      God: Okawaru [*****.]
Gold 676         SH  0     Dex 28      Spells:  2 memorised,  8 levels left

Res.Fire  : . . .   See Invis. : +   b - +2,+3 sling
Res.Cold  : . . .   Warding    : .   d - -1 leather armour
Life Prot.: . . .   Conserve   : .   (no shield)
Res.Poison: .       Res.Corr.  : .   (no helmet)
Res.Elec. : .       Clarity    : .   (no cloak)
Sust.Abil.: . .     Spirit.Shd : .   i - +2 pair of bracers {archer}
Res.Mut.  : .       Stasis     : .   A - +0 pair of elf boots {run}
Res.Rott. : .       Flight     : .   (no amulet)
Saprovore : . . .                    J - ring of see invisible
                                     H - +6 ring of dexterity

@: mildly poisoned, quick, somewhat resistant to hostile enchantments, stealthy
A: hooves 1, mutation resistance 1, slow metabolism 1
a: Heroism, Finesse, Renounce Religion


You were on level 12 of the Dungeon.
You worshipped Okawaru.
Okawaru was extremely pleased with you.
You were not hungry.

You visited 2 branches of the dungeon, and saw 13 of its levels.

You collected 677 gold pieces.
You spent 21 gold pieces at shops.

Inventory:

Hand weapons
 a - a +0,+0 short sword
 b - a +2,+3 sling (weapon)
Missiles
 c - 29 sling bullets (quivered)
 e - 62 stones
 N - 29 poisoned sling bullets
Armour
 d - a -1 leather armour (worn)
 i - a +2 pair of bracers of archery (worn)
 A - a +0 pair of elven boots of running (worn)
Magical devices
 r - a wand of invisibility (2)
Comestibles
 f - 7 bread rations
 k - 2 apples
 z - 4 pears
 D - 3 meat rations
 K - a chunk of troll flesh
Scrolls
 j - 2 scrolls of blinking
 m - 6 scrolls of teleportation
 n - 5 scrolls of fog
 o - 8 scrolls of remove curse
 x - a scroll of identify
 E - a scroll of magic mapping
 F - a scroll of enchant weapon I
 O - a scroll of enchant weapon II
Jewellery
 s - an uncursed ring of life protection
 u - a +3 ring of intelligence
 y - an uncursed ring of regeneration
 H - a +6 ring of dexterity (left hand)
 J - a ring of see invisible (right hand)
Potions
 h - 2 potions of magic
 p - a potion of brilliance
 t - 2 potions of restore abilities
 v - 2 potions of might
 w - 3 potions of mutation
 B - a potion of flight
 C - 3 potions of curing
 L - a potion of heal wounds
Books
 I - a Necronomicon {highlevel}

   This book is beyond your current level of understanding.

   Spells                             Type                      Level
   Borgnjor's Revivification          Necromancy                   7
   Haunt                              Necromancy/Summoning         7
   Death's Door                       Charms/Necromancy            8
   Necromutation                      Transmutation/Necromancy     8


   Skills:
 + Level 7.5 Fighting
 * Level 18.3 Slings
 - Level 0.4 Armour
 + Level 10.1 Dodging
 - Level 1.3 Stealth
 - Level 0.6 Traps
 + Level 5.7 Charms
 - Level 5.0 Air Magic


You had 8 spell levels left.
You knew the following spells:

 Your Spells              Type           Power        Failure   Level  Hunger
a - Swiftness             Chrm/Air       ##........   10%         2    ###....
b - Apportation           Tloc           #.........   34%         1    ##.....


Dungeon Overview and Level Annotations

Branches:
Dungeon (12/27)            Temple (1/1) D:7             Orc (0/4) D:8
   Lair: D:8-13

Altars:
Ashenzari
Cheibriados
Elyvilon
Fedhas
Kikubaaqudgha
Makhleb
Nemelex Xobeh
Okawaru
Sif Muna
Trog
Vehumet
Xom
Yredelemnul
Zin
the Shining One

Shops:
D:4: % D:5: / D:8: ( D:9: (

Portals:
Ziggurat: D:5 (4380 gp)

Annotations
D:5 exclusion: centaur
D:12 TZer0's ghost, powerful LOFE


Innate Abilities, Weirdness & Mutations

You are small and have problems with some larger weapons.
You are somewhat resistant to further mutation.
You have a slow metabolism.
You have large cloven feet.


Message History

TZer0's ghost is lightly damaged.
You feel sick.
Firing (i - inventory. (,) - cycle):
c - 31 sling bullets (quivered)
Press: ? - help, Shift-Dir - straight line, f/p - TZer0's ghost
Aim: TZer0's ghost (lightly damaged, moving somewhat quickly)
You shoot a sling bullet. The sling bullet hits TZer0's ghost.
TZer0's ghost is lightly damaged.
TZer0's ghost chuckles, "I'd hate to see you lose all those scrolls..."
TZer0's ghost conjures a glowing orb.
Firing (i - inventory. (,) - cycle):
c - 30 sling bullets (quivered)
Press: ? - help, Shift-Dir - straight line, f/p - TZer0's ghost
Aim: TZer0's ghost (lightly damaged, moving somewhat quickly)
You shoot a sling bullet. The sling bullet hits TZer0's ghost.
TZer0's ghost is lightly damaged.
You feel sick.
You feel sick.
There is an open door here.
You feel sick. The orb of destruction hits you!
Ouch! That really hurt!
You die...

.....(..# ......(..#
....H(((..#
......(§..#
......<§p.#
.[.....(§..#
........§..# #≈
########§### #≈.###
#@#
##≈.'..#####.####...
≈≈≈.'....)........#
....####.)#########
' #..# ##
#..######''######
..##..##...........#
#. #..##^#########.#
#.##..##.###≈≈≈≈≈#.#


You could see a hippogriff and TZer0's ghost.

Vanquished Creatures
  Harold (D:10)
  A hydra (D:9)
  The ghost of l0ser140 the Hoplite, an experienced LOFi of Trog (D:8)
  2 hill giants
  Pikel (D:5)
  A hydra zombie (D:9)
  The ghost of l0ser140 the Conjurer, an experienced HEWz of Vehumet (D:10)
  A hill giant zombie (D:8)
  A hill giant skeleton (D:8)
  Grinder (D:5)
  Prince Ribbit (D:9)
  2 trolls
  8 yaks (D:12)
  A hungry ghost (D:8)
  Edmund (D:7)
  A soldier ant (D:12)
  2 hippogriffs
  Menkaure (D:7)
  2 sky beasts
  4 ice beasts
  An orc warrior (D:12)
  A slave (D:5)
  A yak zombie (D:12)
  3 ogres
  8 centaurs
  Sigmund (D:7)
  Duvessa (D:5)
  9 giant frogs
  A two-headed ogre skeleton (D:7)
  A centaur skeleton (D:8)
  4 killer bees (D:12)
  15 wights
  8 crimson imps
  2 goliath beetles
  Dowan (D:5)
  6 hounds
  3 iguanas
  5 orc priests
  A gnoll shaman (D:8)
  6 worker ants
  A worker ant zombie (D:5)
  6 orc wizards
  A scorpion (D:12)
  3 jellies
  Jessica (D:2)
  8 gnolls (D:8)
  15 adders
  2 giant mites
  A giant centipede (D:9)
  8 worms
  3 bat skeletons
  5 giant eyeballs
  A gnoll skeleton (D:5)
  3 giant geckos
  48 orcs
  13 bats
  2 giant cockroaches
  12 goblins
  20 hobgoblins
  7 jackals
  18 kobolds
  4 quokkas
  2 ball pythons
  6 giant newts
  A hobgoblin skeleton (D:5)
  An orc skeleton (D:7)
  An orc zombie (D:10)
  18 rats
323 creatures vanquished.

Vanquished Creatures (others)
  A hound (D:5)
  A goblin (D:1)
  A rat (D:1)
3 creatures vanquished.

Grand Total: 326 creatures vanquished

Notes
Turn   | Place    | Note
--------------------------------------------------------------
     0 | D:1      | Kae, the Halfling Hunter, began the quest for the Orb.
     0 | D:1      | Reached XP level 1. HP: 14/14 MP: 0/0
    44 | D:1      | Reached skill level 6 in Slings
    87 | D:1      | Reached XP level 2. HP: 5/19 MP: 1/1
   917 | D:1      | Reached XP level 3. HP: 24/24 MP: 2/2
   948 | D:1      | Reached skill level 7 in Slings
  1054 | D:1      | Found a glowing golden altar of the Shining One.
  1167 | D:2      | Reached XP level 4. HP: 29/29 MP: 3/3
  1336 | D:2      | Noticed Jessica
  1339 | D:2      | Killed Jessica
  1554 | D:3      | Reached skill level 8 in Slings
  1568 | D:3      | Reached XP level 5. HP: 34/34 MP: 4/4
  2111 | D:4      | Found Tritzun's Food Boutique.
  2120 | D:4      | Bought an apple for 8 gold pieces
  2120 | D:4      | Bought a banana for 13 gold pieces
  2168 | D:4      | Reached skill level 9 in Slings
  2386 | D:4      | Reached XP level 6. HP: 30/39 MP: 5/5
  2631 | D:5      | Entered Level 5 of the Dungeon
  2851 | D:5      | Reached skill level 10 in Slings
  2855 | D:5      | Paralysed by a giant eyeball for 2 turns
  3039 | D:5      | Found a gateway to a ziggurat.
  3104 | D:5      | Noticed Grinder
  3113 | D:5      | Killed Grinder
  3113 | D:5      | Reached skill level 11 in Slings
  3113 | D:5      | Reached XP level 7. HP: 33/44 MP: 6/6
  3175 | D:5      | Noticed Duvessa
  3175 | D:5      | Noticed Dowan
  3185 | D:5      | Killed Dowan
  3220 | D:5      | Killed Duvessa
  3220 | D:5      | Reached skill level 12 in Slings
  3347 | D:5      | Noticed Pikel
  3347 | D:5      | Noticed a slave
  3348 | D:5      | Noticed a slave
  3351 | D:5      | Noticed a slave
  3352 | D:5      | Noticed a slave
  3371 | D:5      | Killed a slave
  3385 | D:5      | Killed Pikel
  3385 | D:5      | Reached skill level 13 in Slings
  3385 | D:5      | Reached XP level 8. HP: 17/49 MP: 7/7
  3465 | D:5      | Found Kloek's Magical Wand Shop.
  3607 | D:5      | Found a staircase to the Ecumenical Temple.
  3820 | D:5      | Found an ancient bone altar of Kikubaaqudgha.
  3892 | D:6      | Paralysed by a giant eyeball for 3 turns
  4006 | D:6      | Reached skill level 14 in Slings
  4092 | D:6      | Reached XP level 9. HP: 45/54 MP: 8/8
  4136 | D:6      | Reached skill level 1 in Fighting
  4259 | D:6      | Gained mutation: You have large cloven feet. [potion of beneficial mutation]
  4948 | D:7      | Found a snail-covered altar of Cheibriados.
  4948 | D:7      | Found a staircase to the Ecumenical Temple.
  4994 | Temple   | Entered the Ecumenical Temple
  5038 | Temple   | Became a worshipper of Warmaster Okawaru
  5221 | D:7      | Noticed Edmund
  5233 | D:7      | Killed Edmund
  5233 | D:7      | Reached skill level 5 in Dodging
  5274 | D:7      | Acquired Okawaru's first power
  5330 | D:7      | Noticed Menkaure
  5339 | D:7      | Killed Menkaure
  5417 | D:7      | Noticed Sigmund
  5424 | D:7      | Killed Sigmund
  5559 | D:7      | Reached skill level 15 in Slings
  5724 | D:8      | Reached XP level 10. HP: 63/63 MP: 9/9
  5860 | D:8      | Found Romnoz's Weapon Emporium.
  5862 | D:8      | Found a staircase to the Orcish Mines.
  6555 | D:8      | Noticed l0ser140's ghost (experienced LOFi)
  6675 | D:8      | Killed l0ser140's ghost
  6675 | D:8      | Reached skill level 5 in Fighting
  7017 | D:8      | Reached skill level 16 in Slings
  7420 | D:9      | Learned a level 2 spell: Swiftness
  7422 | D:9      | Learned a level 1 spell: Apportation
  7510 | D:9      | Noticed Prince Ribbit
  7520 | D:9      | Killed Prince Ribbit
  7520 | D:9      | Reached skill level 1 in Charms
  7520 | D:9      | Reached skill level 1 in Air Magic
  7525 | D:9      | Noticed a seven-headed hydra zombie
  7551 | D:9      | Killed a seven-headed hydra zombie
  7551 | D:9      | Reached XP level 11. HP: 63/71 MP: 8/10
  8124 | D:9      | Noticed a seven-headed hydra
  8169 | D:9      | Killed a seven-headed hydra
  8502 | D:9      | Found Frou's Weapon Emporium.
  8504 | D:9      | Found a burning altar of Makhleb.
  8665 | D:10     | Entered Level 10 of the Dungeon
  8706 | D:10     | Paralysed by a giant eyeball for 4 turns
  8714 | D:10     | Paralysed by a giant eyeball for 2 turns
  8902 | D:10     | Identified a +0 pair of elven boots of running (You found it on level 10 of the Dungeon)
  9004 | D:10     | Noticed Harold
  9236 | D:10     | Killed Harold
  9236 | D:10     | Reached skill level 17 in Slings
  9355 | D:10     | Noticed l0ser140's ghost (experienced HEWz)
  9360 | D:10     | Killed l0ser140's ghost
  9609 | D:10     | Noticed a hill giant
  9644 | D:10     | Killed a hill giant
 10020 | D:11     | Received a gift from Okawaru
 10387 | D:11     | Noticed a hill giant
 10427 | D:11     | Killed a hill giant
 10525 | D:12     | Reached skill level 5 in Air Magic
 10652 | D:12     | Reached skill level 5 in Charms
 10652 | D:12     | Reached XP level 12. HP: 78/78 MP: 11/11
 10667 | D:12     | Received a gift from Okawaru
 10863 | D:12     | Reached skill level 18 in Slings
 10897 | D:12     | Acquired Okawaru's second power
 10897 | D:12     | Reached skill level 10 in Dodging
 11228 | D:12     | Received a gift from Okawaru
 11234 | D:12     | Noticed TZer0's ghost (powerful LOFE)
 11243 | D:12     | Blown up by TZer0's ghost

Action                   |  1- 3 |  4- 6 |  7- 9 | 10-12 || total
-------------------------+-------+-------+-------+-------++-------
Melee: Short sword       |    17 |       |       |       ||    17
 Fire: Sling             |    41 |   172 |   312 |   730 ||  1255
 Cast: Swiftness         |       |       |       |     1 ||     1
Invok: Heroism           |       |       |     1 |    10 ||    11
Evoke: Wand              |       |       |     4 |     4 ||     8
  Use: Scroll            |       |    17 |     6 |    10 ||    33
       Potion            |       |       |     1 |     3 ||     4
